[Event "Titled Tuesday Blitz June 22 2021"]
[White "Manukian, Artak"]
[Black "Odegov, Artem"]
[WhiteFideId "13301373"]
[BlackFideId "34183644"]
[WhiteElo "2343"]
[BlackElo "2297"]
[Result "1-0"]
[Round "11"]
[TimeControl "180+1"]
[Date "2021.06.22"]
[WhiteClock "0:00:31"]
[BlackClock "0:00:11"]

1. e4 e6 2. d4 d5 3. e5 c5 4. c3 Qb6 5. Nf3 Nc6 6. a3 Nh6 7. b4 cxd4 8. cxd4 Bd7 9. Nc3 Nf5 10. Na4 Qd8 11. Bb2 Be7 12. Bd3 O-O 13. O-O g6 14. Nc5 Bxc5 15. dxc5 Rc8 16. Qd2 Nh4 17. Qh6 Nxf3+ 18. gxf3 d4 19. f4 Ne7 20. h4 Kh8 21. h5 Nf5 22. Bxf5 gxf5 23. Qf6+ Qxf6 24. exf6 Rg8+ 25. Kh2 Bc6 26. Rg1 d3 27. Rg7 Rcd8 28. Rd1 Bf3 29. Rd2 Bxh5 30. Be5 Bf3 31. Bd6 Rd7 32. Rxd3 Bg4 33. Rg3 Rxg7 34. fxg7+ Kxg7 35. f3 h5 36. fxg4 hxg4 37. Rd3 Kg6 38. Kg3 Rd8 39. b5 Rh8 40. Kg2 Rc8 41. Rc3 f6 42. c6 bxc6 43. bxc6 Kf7 44. c7 Ke8 45. Bb4 Kd7 46. Ba5 e5 47. fxe5 fxe5 48. Rd3+ Kc6 49. Rd8 Kb7 50. Kg3 a6 51. a4 e4 52. Kf4 Rxc7 53. Bxc7 Kxc7 54. Re8 g3 55. Kxg3 Kd6 56. Kf4 Kc5 57. Kxf5 Kb4 58. Rxe4+ Ka5 59. Ke6 Kb6 60. Kd5 Ka5 61. Rd4 Kb6 62. Kc4 Ka5 63. Kb3 Kb6 64. Rd5 Kc6 65. Rh5 Kb6 66. a5+ Ka7 67. Kb4 Kb7 68. Kc5 Kc7 69. Rh7+ Kb8 70. Kc6 Kc8 71. Rh8# 1-0


[Site "https://www.chess.com"]

[Event "Titled Tuesday Blitz June 22 2021"]
[White "Martin Carmona, Gaston Manuel"]
[Black "Lagno, Kateryna"]
[WhiteFideId "22284567"]
[BlackFideId "14109336"]
[WhiteElo "2161"]
[BlackElo "2608"]
[Result "0-1"]
[Round "11"]
[TimeControl "180+1"]
[Date "2021.06.22"]
[WhiteClock "0:00:20"]
[BlackClock "0:01:22"]

1. e4 e5 2. Nf3 Nc6 3. Bc4 Bc5 4. c3 Nf6 5. d3 d6 6. a4 a6 7. Nbd2 O-O 8. O-O Bb6 9. h3 h6 10. Re1 Re8 11. Nf1 Be6 12. Ng3 Bxc4 13. dxc4 Ne7 14. Nh4 Qd7 15. Qf3 Qe6 16. b3 c6 17. Nhf5 Nxf5 18. Nxf5 Kh7 19. Qg3 Rg8 20. Qh4 Ne8 21. Be3 Bd8 22. Qg3 g6 23. Nxh6 Rg7 24. f4 exf4 25. Bxf4 g5 26. Nf5 gxf4 27. Qxf4 Rg6 28. Rad1 Bg5 29. Qf3 Bf6 30. h4 Be5 31. h5 Rg5 32. Rf1 Nf6 33. Nd4 Qg4 34. Qxg4 Rxg4 35. Nf5 Nxe4 36. Ne3 Rf4 37. Rxf4 Bxf4 38. Ng4 Rg8 39. Nf2 Be3 0-1


[Site "https://www.chess.com"]

[Event "Titled Tuesday Blitz June 22 2021"]
[White "Martinez Alcantara, Jose Eduardo"]
[Black "Siniauski, Artsiom"]
[WhiteFideId "3805662"]
[BlackFideId "13512269"]
[WhiteElo "2690"]
[BlackElo "2212"]
[Result "1-0"]
[Round "11"]
[TimeControl "180+1"]
[Date "2021.06.22"]
[WhiteClock "0:01:16"]
[BlackClock "0:00:01"]

1. e4 e6 2. d4 d5 3. Nd2 c5 4. Ngf3 cxd4 5. Nxd4 Nc6 6. Bb5 Bd7 7. Nxc6 bxc6 8. Bd3 Qc7 9. Qe2 Ne7 10. c4 d4 11. e5 Ng6 12. Nf3 c5 13. h4 Be7 14. h5 Nf8 15. h6 g6 16. Bg5 Bc6 17. Bxe7 Qxe7 18. Be4 Qb7 19. Ng5 Bxe4 20. Nxe4 Qb4+ 21. Kf1 Nd7 22. Rh3 Ke7 23. Rb3 Qa4 24. Rb7 Qc6 25. Nd6 Rhb8 26. Rxb8 Rxb8 27. f4 d3 28. Qxd3 Rxb2 29. Ne4 f5 30. Nf2 g5 31. g3 gxf4 32. gxf4 Nf8 33. Rd1 Qc7 34. Qg3 Ng6 35. Qg5+ Kf7 36. Qf6+ Ke8 37. Qxe6+ Qe7 38. Qc8+ Kf7 39. Rd7 Rb1+ 40. Kg2 Nxf4+ 41. Kh2 Rb8 42. Rxe7+ 1-0


[Site "https://www.chess.com"]

[Event "Titled Tuesday Blitz June 22 2021"]
[White "Mekhitarian, Krikor Sevag"]
[Black "Muradli, Mahammad"]
[WhiteFideId "2107660"]
[BlackFideId "13409301"]
[WhiteElo "2598"]
[BlackElo "2482"]
[Result "0-1"]
[Round "11"]
[TimeControl "180+1"]
[Date "2021.06.22"]
[WhiteClock "0:00:02"]
[BlackClock "0:01:07"]

1. e4 c5 2. Nf3 d6 3. d4 cxd4 4. Nxd4 a6 5. c4 e6 6. Nc3 Be7 7. Be2 b6 8. O-O Bb7 9. Be3 Nd7 10. a4 Ngf6 11. f3 Rc8 12. a5 Ne5 13. Qb3 Nfd7 14. axb6 Nc5 15. Qa3 Qxb6 16. b4 Ncd7 17. Nf5 Qd8 18. Nxg7+ Kf8 19. Bh6 Kg8 20. f4 Nxc4 21. Bxc4 Rxc4 22. Nd5 Bh4 23. Qh3 Nf8 24. Nh5 exd5 25. Qg4+ Ng6 26. f5 Rxe4 27. Nf4 Bf6 28. fxg6 hxg6 0-1


[Site "https://www.chess.com"]

[Event "Titled Tuesday Blitz June 22 2021"]
[White "Mikhailovsky, Vladimir"]
[Black "Senthil Maran K"]
[WhiteFideId "34105414"]
[BlackFideId "25035681"]
[WhiteElo "2314"]
[BlackElo "2194"]
[Result "1-0"]
[Round "11"]
[TimeControl "180+1"]
[Date "2021.06.22"]
[WhiteClock "0:00:03"]
[BlackClock "0:00:02"]

1. e4 c6 2. c4 d5 3. cxd5 cxd5 4. exd5 Nf6 5. Qa4+ Nbd7 6. Nc3 g6 7. Bc4 Bg7 8. d3 O-O 9. Nf3 Nb6 10. Qb3 Bf5 11. O-O Rc8 12. Re1 Nxc4 13. dxc4 Qc7 14. Bg5 Rfe8 15. Ne5 Ng4 16. Nxg4 Bxg4 17. Nb5 Qxc4 18. Bxe7 Be2 19. Nd6 Qg4 20. Nxe8 Rxe8 21. d6 Bd4 22. Rxe2 Qxe2 23. d7 Bxf2+ 24. Kh1 Qxe7 25. dxe8=Q+ Qxe8 26. Qxb7 Qe2 27. Qf3 Qxb2 28. Rf1 Bc5 29. Qxf7+ Kh8 30. h3 Qe5 31. Rd1 Bd6 32. Kg1 Bc5+ 33. Kf1 Bd6 34. Qf2 Qb5+ 35. Qe2 Qf5+ 36. Qf3 Qb5+ 37. Qd3 1-0


[Site "https://www.chess.com"]

[Event "Titled Tuesday Blitz June 22 2021"]
[White "Mirzoev, Azer"]
[Black "Ronka, Erik"]
[WhiteFideId "13400304"]
[BlackFideId "505080"]
[WhiteElo "2525"]
[BlackElo "2264"]
[Result "1-0"]
[Round "11"]
[TimeControl "180+1"]
[Date "2021.06.22"]
[WhiteClock "0:00:07"]
[BlackClock "0:00:02"]

1. d4 g6 2. e4 Bg7 3. Nc3 c6 4. Be3 d5 5. f3 Qb6 6. a3 e5 7. Nge2 Ne7 8. exd5 Nf5 9. Bf2 exd4 10. dxc6 Nxc6 11. Nd5 Qa5+ 12. Nb4 Nxb4 13. axb4 Qxb4+ 14. Qd2 Qxb2 15. Rd1 O-O 16. Ng3 Ne3 17. Bxe3 dxe3 18. Qxe3 Qxc2 19. Be2 Qc3+ 20. Qxc3 Bxc3+ 21. Kf2 Be6 22. Ne4 Bg7 23. Nc5 Bc8 24. Bc4 b6 25. Ne4 Bb7 26. Nd6 Bc6 27. Rhe1 Bc3 28. Re7 Bb4 29. Rxf7 Rxf7 30. Nxf7 Kg7 31. Ng5 a5 32. h4 a4 33. Ne6+ Kf6 34. Nf4 a3 35. Ba2 Rc8 36. Kg3 Re8 37. Rb1 Bc5 38. Nd3 Re2 39. Bc4 Bd4 40. Nf4 a2 41. Rd1 Rc2 42. Bxa2 Be5 43. Bb1 Rc4 44. Be4 Bxe4 45. fxe4 Rc3+ 46. Kg4 h5+ 47. Nxh5+ gxh5+ 48. Kxh5 b5 49. Rb1 Rc5 50. g4 1-0


[Site "https://www.chess.com"]

[Event "Titled Tuesday Blitz June 22 2021"]
[White "Morchiashvili, Bachana"]
[Black "Proudian, Armen"]
[WhiteFideId "13602535"]
[BlackFideId "2130734"]
[WhiteElo "2278"]
[BlackElo "2380"]
[Result "1/2-1/2"]
[Round "11"]
[TimeControl "180+1"]
[Date "2021.06.22"]
[WhiteClock "0:00:22"]
[BlackClock "0:00:19"]

1. d4 Nf6 2. Nf3 e6 3. e3 b6 4. Bd3 Bb7 5. O-O c5 6. c4 cxd4 7. exd4 Be7 8. Nc3 O-O 9. d5 exd5 10. cxd5 Na6 11. Bg5 Nc5 12. d6 Bxd6 13. Bxh7+ Kxh7 14. Qxd6 Qb8 15. Bf4 Qxd6 16. Bxd6 Rfe8 17. Ne5 Nfe4 18. Nxf7 Nxc3 19. bxc3 Ne4 20. Bf4 Nxc3 21. Be3 Bd5 22. Nd6 Re6 23. Nf5 Rg6 24. f3 Nxa2 25. Ne7 Be6 26. Nxg6 Kxg6 27. Rfe1 Nb4 28. Bxb6 Nc2 29. Rxe6+ dxe6 30. Rxa7 Rxa7 31. Bxa7 Nb4 32. Kf2 Kf5 33. g4+ Ke5 34. h4 Nc6 35. Bc5 g6 36. Ke3 Kd5 37. Bf8 Ke5 38. Bg7+ Kd6 39. Ke4 Ke7 40. Kf4 Kf7 41. Bc3 Ne7 42. Kg5 Nd5 43. Be5 Ne3 44. Kh6 Nc4 45. Bf4 e5 46. Bc1 Kf6 47. Bg5+ Kf7 48. Bd8 Nd2 49. f4 exf4 50. Bg5 Nf3 51. Bxf4 Nxh4 52. Kg5 Ng2 53. Bd2 Kg7 54. Bb4 Ne3 55. Bc3+ Kf7 56. Bd2 Nxg4 57. Kxg4 Ke6 58. Bg5 Kd5 59. Bd2 Kc4 60. Kg5 Kd3 61. Bf4 Kc2 62. Bc7 Kb1 63. Kxg6 1/2-1/2


[Site "https://www.chess.com"]

[Event "Titled Tuesday Blitz June 22 2021"]
[White "Morefield, Jason"]
[Black "Petriashvili, Nikoloz"]
[WhiteFideId "30920825"]
[BlackFideId "13611216"]
[WhiteElo "2171"]
[BlackElo "2430"]
[Result "1-0"]
[Round "11"]
[TimeControl "180+1"]
[Date "2021.06.22"]
[WhiteClock "0:00:11"]
[BlackClock "0:00:12"]

1. d4 Nf6 2. c4 g6 3. Nf3 d5 4. Nc3 Bg7 5. Qb3 dxc4 6. Qxc4 O-O 7. e4 a6 8. Be2 b5 9. Qb3 c5 10. dxc5 Bb7 11. e5 Nfd7 12. Be3 e6 13. O-O Qc7 14. Rad1 Nxc5 15. Qb4 Nbd7 16. Rc1 Rac8 17. Rfd1 Rfd8 18. a4 a5 19. Qxb5 Ba6 20. Rxd7 Rxd7 21. Qxc5 Qxc5 22. Bxc5 Rxc5 23. Bxa6 Bh6 24. Re1 Kg7 25. Bb5 Rd8 26. Kf1 Kf8 27. Ke2 Bg7 28. Rd1 Rxd1 29. Kxd1 Bxe5 30. Nxe5 Rxe5 31. f4 Rh5 32. h3 Rh4 33. Ne2 h6 34. Kd2 Ke7 35. Ke3 g5 36. fxg5 hxg5 37. Nd4 Kd6 38. Nc6 Kc5 39. Nxa5 Rb4 40. b3 f5 41. Kd2 g4 42. hxg4 Rxg4 43. Bf1 Rf4 44. Ke1 Kb4 45. Nc6+ Kxb3 46. a5 Ra4 47. a6 Kc3 48. a7 f4 49. Kf2 e5 50. Bb5 Ra2+ 51. Kf3 Ra1 52. Ke4 Kd2 53. Kxe5 Ke3 54. Kf5 Ra2 55. Bc4 Ra1 56. Bd5 Ra4 57. Bf3 Ra6 58. Ke6 1-0


[Site "https://www.chess.com"]

[Event "Titled Tuesday Blitz June 22 2021"]
[White "Moroni, Luca Jr"]
[Black "Kamsky, Gata"]
[WhiteFideId "865834"]
[BlackFideId "2000024"]
[WhiteElo "2491"]
[BlackElo "2644"]
[Result "0-1"]
[Round "11"]
[TimeControl "180+1"]
[Date "2021.06.22"]
[WhiteClock "0:00:07"]
[BlackClock "0:00:30"]

1. d4 Nf6 2. c4 g6 3. Nc3 Bg7 4. e4 d6 5. Bd3 c6 6. Nge2 a6 7. a4 a5 8. O-O e5 9. d5 O-O 10. f3 Na6 11. Be3 Nd7 12. Qd2 Ndc5 13. Rae1 Nxd3 14. Qxd3 Nb4 15. Qd2 cxd5 16. Nxd5 Nxd5 17. Qxd5 Be6 18. Qd3 f5 19. Nc3 Rc8 20. b3 Rf7 21. Rd1 Bf8 22. Nb5 f4 23. Bf2 Rd7 24. Rd2 g5 25. Rfd1 g4 26. Kh1 Qg5 27. Qe2 g3 28. Bg1 gxh2 29. Bf2 Rg7 30. Qf1 h5 31. Nxd6 Bxd6 32. Rxd6 Re8 33. Bb6 h4 34. Rd8 Rxd8 35. Bxd8 Qg3 36. Bf6 Rg6 37. Rd8+ Kf7 38. Bxh4 Qxh4 39. Qd1 Qf2 40. Rd7+ Kf6 41. Rd2 Qg1+ 42. Qxg1 hxg1=Q+ 43. Kxg1 Ke7 44. Kf2 b6 45. Rd1 Rh6 46. Kg1 Rh8 47. Kf2 Rd8 48. Rb1 Rd2+ 49. Kg1 Kd6 50. b4 Bxc4 51. bxa5 bxa5 52. Rb6+ Kc5 53. Rb8 Ra2 54. Re8 Kd4 55. Rd8+ Ke3 56. Re8 Rxa4 57. Rxe5 Ra1+ 58. Kh2 a4 59. Ra5 a3 60. e5 a2 61. e6 Kd4 62. g3 fxg3+ 63. Kxg3 Rg1+ 64. Kf2 a1=Q 0-1


[Site "https://www.chess.com"]

[Event "Titled Tuesday Blitz June 22 2021"]
[White "Mortazavi, Ali"]
[Black "Smirnov, Pavel"]
[WhiteFideId "401323"]
[BlackFideId "4123425"]
[WhiteElo "2339"]
[BlackElo "2584"]
[Result "0-1"]
[Round "11"]
[TimeControl "180+1"]
[Date "2021.06.22"]
[WhiteClock "0:00:07"]
[BlackClock "0:00:48"]

1. Nf3 Nf6 2. g3 g6 3. Bg2 Bg7 4. O-O O-O 5. d3 d6 6. e4 e5 7. Nc3 Nc6 8. a4 h6 9. a5 a6 10. h3 Nd4 11. Nxd4 exd4 12. Nb1 c5 13. Nd2 Nd7 14. f4 b5 15. axb6 Nxb6 16. b3 a5 17. f5 gxf5 18. exf5 d5 19. g4 Qd6 20. Qe1 a4 21. bxa4 Rxa4 22. Rxa4 Nxa4 23. Qf2 Nc3 24. f6 Bxf6 25. Qxf6 Ne2+ 26. Kh1 Ng3+ 27. Kg1 Ne2+ 28. Kh1 Qxf6 29. Rxf6 Nxc1 30. Bxd5 Kg7 31. Ne4 Ne2 32. Rd6 Nf4 33. Bc6 Nxh3 34. Nf6 Nf2+ 35. Kg2 Nxg4 36. Nh5+ Kh8 37. Bf3 Ne3+ 38. Kf2 Nf5 39. Rc6 Be6 40. Rxc5 Rc8 41. Rxc8+ Bxc8 42. Be4 Ne3 43. Nf6 Nxc2 44. Kf3 Kg7 45. Ne8+ Kf8 46. Nf6 Be6 47. Kf4 Ne3 48. Ke5 Ng4+ 49. Nxg4 Bxg4 50. Kxd4 Ke7 51. Ke5 h5 52. d4 f6+ 53. Kf4 Kd6 54. Bg2 Be6 55. Bf3 h4 56. Bh1 Bd5 57. Bxd5 Kxd5 58. Kg4 Kxd4 59. Kxh4 f5 60. Kg3 Ke3 61. Kg2 f4 62. Kg1 Ke2 63. Kh2 f3 0-1


[Site "https://www.chess.com"]

[Event "Titled Tuesday Blitz June 22 2021"]
[White "Nasyrova, Ekaterina"]
[Black "Nguyen, Quoc Hy"]
[WhiteFideId "44157797"]
[BlackFideId "12410853"]
[WhiteElo "2115"]
[BlackElo "1975"]
[Result "0-1"]
[Round "11"]
[TimeControl "180+1"]
[Date "2021.06.22"]
[WhiteClock "0:00:05"]
[BlackClock "0:00:20"]

1. d4 d5 2. Nf3 Nf6 3. c4 c6 4. Nc3 e6 5. e3 dxc4 6. Bxc4 b5 7. Bd3 a6 8. O-O Bb7 9. Bd2 Nbd7 10. Rc1 c5 11. Bb1 cxd4 12. exd4 Be7 13. Bf4 O-O 14. Re1 Rc8 15. Ne5 Nxe5 16. Bxe5 Nd5 17. Qd3 g6 18. Qh3 Bf6 19. Ne4 Rxc1 20. Rxc1 Bxe5 21. dxe5 Nf4 22. Qf3 Bxe4 23. Qxf4 Bxb1 24. Rxb1 Qd5 25. Rc1 Qxa2 26. Qd4 Kg7 27. h4 h5 28. Rc7 Qb1+ 29. Kh2 Qf5 30. Ra7 Rc8 31. f3 Rc4 32. Qf2 Qxe5+ 33. Qg3 Rxh4+ 0-1


[Site "https://www.chess.com"]

[Event "Titled Tuesday Blitz June 22 2021"]
[White "Navalgund, Niranjan"]
[Black "Li, Hui"]
[WhiteFideId "5030854"]
[BlackFideId "15400310"]
[WhiteElo "2290"]
[BlackElo "1954"]
[Result "1-0"]
[Round "11"]
[TimeControl "180+1"]
[Date "2021.06.22"]
[WhiteClock "0:00:54"]
[BlackClock "0:00:01"]

1. d4 Nf6 2. c4 e6 3. Nc3 d5 4. Nf3 Be7 5. Bg5 O-O 6. e3 h6 7. Bh4 Ne4 8. Bxe7 Qxe7 9. Rc1 c6 10. h4 Nd7 11. g4 e5 12. cxd5 Nxc3 13. Rxc3 cxd5 14. dxe5 Nxe5 15. Nxe5 Qxe5 16. Be2 Be6 17. Qd4 Qxd4 18. exd4 Rac8 19. Kd2 Rxc3 20. bxc3 Rc8 21. Rb1 b6 22. a4 Kf8 23. a5 bxa5 24. Ra1 Ke7 25. Rxa5 Rc7 26. f4 g6 27. Bf3 Kd6 28. Ra6+ Ke7 29. Bd1 Rb7 30. Bf3 Rd7 31. Ra5 Kd8 32. f5 gxf5 33. gxf5 Bxf5 34. Bxd5 Be6 35. Bc6 Rc7 36. d5 Bd7 37. Ba8 Bc8 38. Ke3 Ke7 39. Kd4 Kd6 40. c4 Ke7 41. c5 Rd7 42. d6+ Kf6 43. Bc6 Rd8 44. Rxa7 Be6 45. Bd5 Rg8 46. Bf3 Rg3 47. Be2 Rh3 48. c6 Rxh4+ 49. Ke3 Rh3+ 50. Kf2 Rh2+ 51. Ke1 Rh1+ 52. Kd2 Rh2 53. c7 Bg4 54. d7 1-0


[Site "https://www.chess.com"]

[Event "Titled Tuesday Blitz June 22 2021"]
[White "Nguyen, Hong Anh"]
[Black "Liang, Jason"]
[WhiteFideId "12406732"]
[BlackFideId "30940303"]
[WhiteElo "1974"]
[BlackElo "1976"]
[Result "1-0"]
[Round "11"]
[TimeControl "180+1"]
[Date "2021.06.22"]
[WhiteClock "0:01:22"]
[BlackClock "0:00:10"]

1. d4 Nf6 2. c4 e6 3. Nf3 d5 4. g3 Be7 5. Bg2 O-O 6. O-O dxc4 7. Ne5 Nc6 8. Nxc6 bxc6 9. Na3 Bxa3 10. bxa3 Ba6 11. Bxc6 Rb8 12. Bf3 Qd6 13. Re1 e5 14. dxe5 Qxe5 15. Bf4 Qc5 16. Qc1 Rfd8 17. Be3 Qe5 18. Bxa7 Rb2 19. Be3 c3 20. Bf4 Qc5 21. Rb1 Qxa3 22. Bxc7 Rc8 23. Be5 Rxa2 24. Qg5 Qe7 25. Bg4 h6 26. Bxf6 hxg5 27. Bxe7 c2 28. Rbc1 Rb8 29. Bxg5 Bc4 30. Bf5 Rbb2 31. Be3 Bd5 32. Bd4 Rb4 33. Be3 Bb3 34. Kg2 Rc4 35. Ra1 g6 36. Bd3 Rxa1 37. Rxa1 Rc6 38. Bc1 Kg7 39. Bb2+ f6 40. Ra7+ Kh6 41. Bc1+ Kh5 42. Rh7+ Kg4 43. h3# 1-0


[Site "https://www.chess.com"]

[Event "Titled Tuesday Blitz June 22 2021"]
[White "Nguyen Hong Nhung"]
[Black "Kalashian, David"]
[WhiteFideId "12412201"]
[BlackFideId "13302418"]
[WhiteElo "1661"]
[BlackElo "2490"]
[Result "0-1"]
[Round "11"]
[TimeControl "180+1"]
[Date "2021.06.22"]
[WhiteClock "0:00:12"]
[BlackClock "0:01:01"]

1. e4 c6 2. d4 g6 3. Nc3 Bg7 4. Be3 d6 5. Qd2 Nd7 6. O-O-O b5 7. h4 h5 8. Nh3 Nb6 9. Nf4 a5 10. f3 b4 11. Nb1 Nf6 12. e5 Nfd5 13. Nxd5 Nxd5 14. f4 Bg4 15. Be2 Bxe2 16. Qxe2 e6 17. Nd2 Nxe3 18. Qxe3 d5 19. Nb3 Bf8 20. Qe2 a4 21. Nc5 Bxc5 22. dxc5 Qa5 23. Qe3 Ke7 24. f5 gxf5 25. Qg5+ Ke8 26. Qg7 Rf8 27. Qg5 b3 28. a3 bxc2 29. Kxc2 Qxc5+ 30. Kb1 Rb8 31. Rh3 Kd7 32. Qxh5 Qf2 33. b3 axb3 34. Qf3 Qc2+ 35. Ka1 Qa2# 0-1


[Site "https://www.chess.com"]

[Event "Titled Tuesday Blitz June 22 2021"]
[White "Nguyen, Ngoc Truong Son"]
[Black "David, Alexandru-Vasile"]
[WhiteFideId "12401110"]
[BlackFideId "1223453"]
[WhiteElo "2596"]
[BlackElo "2404"]
[Result "1-0"]
[Round "11"]
[TimeControl "180+1"]
[Date "2021.06.22"]
[WhiteClock "0:00:09"]
[BlackClock "0:00:03"]

1. e4 c5 2. Nf3 e6 3. d4 cxd4 4. Nxd4 Nf6 5. Nc3 Nc6 6. Nxc6 bxc6 7. Bd3 d5 8. O-O Be7 9. b3 O-O 10. Bb2 Re8 11. Qf3 Nd7 12. exd5 cxd5 13. Rfe1 Bf6 14. Na4 Bxb2 15. Nxb2 Bb7 16. c4 dxc4 17. Bxh7+ Kxh7 18. Qxb7 c3 19. Na4 Qc8 20. Qf3 Nf6 21. Nxc3 Qc5 22. Ne4 Nxe4 23. Rxe4 Kg8 24. Rc4 Qe5 25. Rac1 Qf6 26. Qxf6 gxf6 27. g3 Red8 28. R1c2 a5 29. Kg2 f5 30. Ra4 Rd5 31. b4 Rb8 32. bxa5 Ra8 33. a6 Rd6 34. a7 Rd7 35. a3 Rdxa7 36. Rxa7 Rxa7 37. Ra2 Ra4 38. Kf3 Kg7 39. Ke3 e5 40. Kd3 e4+ 41. Kc3 Kf6 42. Kb3 Ra8 43. a4 Ke5 44. a5 Kd4 45. a6 e3 46. fxe3+ Kxe3 47. Ra4 Kf3 48. a7 Kg2 49. Ra2+ Kh3 50. Kc4 Kg4 51. Kb5 f4 52. gxf4 Kxf4 53. Rf2+ Ke5 54. Rxf7 Ke6 55. Rb7 Rh8 56. Rb8 Rh5+ 57. Kc4 Rxh2 58. a8=Q Rh4+ 59. Kc5 Rh5+ 60. Kc6 1-0


[Site "https://www.chess.com"]

[Event "Titled Tuesday Blitz June 22 2021"]
[White "Novik, Maxim"]
[Black "Bon, Michael"]
[WhiteFideId "4102924"]
[BlackFideId "620696"]
[WhiteElo "2406"]
[BlackElo "2404"]
[Result "1-0"]
[Round "11"]
[TimeControl "180+1"]
[Date "2021.06.22"]
[WhiteClock "0:00:14"]
[BlackClock "0:00:01"]

1. c4 Nc6 2. g3 d5 3. cxd5 Qxd5 4. Nf3 e5 5. Nc3 Qd8 6. Bg2 Nf6 7. O-O Be7 8. d3 O-O 9. Be3 Re8 10. Rc1 Bg4 11. Na4 Nd4 12. Bxd4 exd4 13. Ne5 Bc8 14. Qb3 Be6 15. Qxb7 Bd5 16. Nc6 Bxg2 17. Kxg2 Qd5+ 18. Kg1 Bd6 19. Rc2 h5 20. b4 h4 21. Na5 Qh5 22. Qf3 Qxf3 23. exf3 Bxb4 24. Nb3 a5 25. Rfc1 Re7 26. Rxc7 Re2 27. R7c2 Rae8 28. Kf1 Rxc2 29. Rxc2 h3 30. Re2 Rc8 31. Nb6 Rc6 32. Nc4 a4 33. Nxd4 Rc8 34. Rc2 Nd5 35. Ne3 Nxe3+ 36. fxe3 Rd8 37. Ke2 Rd7 38. Rc4 Rb7 39. f4 g6 40. Kf3 a3 41. Kg4 Be7 42. Kxh3 Rb2 43. Rc7 Bf6 44. Ra7 Rxa2 45. Nf3 1-0


[Site "https://www.chess.com"]

[Event "Titled Tuesday Blitz June 22 2021"]
[White "Ogloblin, Nikolay"]
[Black "Timofeev, Artyom"]
[WhiteFideId "4139658"]
[BlackFideId "4140419"]
[WhiteElo "2296"]
[BlackElo "2582"]
[Result "0-1"]
[Round "11"]
[TimeControl "180+1"]
[Date "2021.06.22"]
[WhiteClock "0:00:29"]
[BlackClock "0:01:23"]

1. d4 Nf6 2. Nf3 g6 3. c4 b6 4. Nc3 Bb7 5. Bg5 Bg7 6. Qc2 h6 7. Bf4 O-O 8. e3 c5 9. d5 d6 10. h3 Nbd7 11. Be2 a6 12. Rd1 b5 13. O-O bxc4 14. Bxc4 Nb6 15. b3 Bc8 16. e4 Nfd7 17. Rfe1 Nxc4 18. bxc4 Rb8 19. Rb1 Rb4 20. Ne2 Nb6 21. Nd2 Bd7 22. a3 Rxb1 23. Rxb1 Qc7 24. Nf3 Rb8 25. Kh2 Nc8 26. Rxb8 Qxb8 27. Nd2 Qb2 28. Qxb2 Bxb2 29. Nb1 g5 30. Bc1 Be5+ 31. g3 f5 32. f4 gxf4 33. gxf4 Bg7 34. Nbc3 fxe4 35. Nxe4 Nb6 36. N2g3 Nxc4 37. Nh5 Bd4 38. Kg3 Nb6 39. f5 Bxf5 40. Kf4 Bg6 41. Nhg3 Nxd5+ 42. Kf3 h5 43. Bg5 Kf7 44. h4 Be5 45. Nd2 Nb6 46. Nge4 c4 47. Nb1 d5 48. Nc5 Bxb1 0-1


[Site "https://www.chess.com"]

[Event "Titled Tuesday Blitz June 22 2021"]
[White "Omariev, Maksim"]
[Black "Ambartsumova, Karina"]
[WhiteFideId "4193423"]
[BlackFideId "4166299"]
[WhiteElo "2368"]
[BlackElo "2262"]
[Result "0-1"]
[Round "11"]
[TimeControl "180+1"]
[Date "2021.06.22"]
[WhiteClock "0:00:01"]
[BlackClock "0:01:20"]

1. g4 e5 2. Bg2 Nc6 3. c4 d6 4. h3 g6 5. Nc3 Bg7 6. d3 Nge7 7. Nf3 O-O 8. Bg5 f6 9. Bh4 Be6 10. e4 Qd7 11. Qd2 a6 12. b3 Rab8 13. a4 Nd4 14. Nxd4 exd4 15. Ne2 f5 16. Nf4 Bf7 17. exf5 gxf5 18. g5 Rfe8 0-1


[Site "https://www.chess.com"]

[Event "Titled Tuesday Blitz June 22 2021"]
[White "Onyshchuk, Volodymyr"]
[Black "Korobov, Anton"]
[WhiteFideId "14114038"]
[BlackFideId "14105730"]
[WhiteElo "2603"]
[BlackElo "2668"]
[Result "0-1"]
[Round "11"]
[TimeControl "180+1"]
[Date "2021.06.22"]
[WhiteClock "0:01:02"]
[BlackClock "0:00:44"]

1. Nf3 d5 2. g3 g6 3. Bg2 Bg7 4. O-O Nf6 5. d3 O-O 6. Nbd2 Nc6 7. e4 dxe4 8. dxe4 e5 9. c3 Qe7 10. Qc2 a5 11. a4 b6 12. b3 Rd8 13. Ba3 Qe8 14. Rfd1 Ba6 15. Bf1 Bxf1 16. Nxf1 Qe6 17. Ne3 Bh6 18. Nc4 Qg4 19. Nfxe5 Nxe5 20. Nxe5 Qxe4 21. Qxe4 Nxe4 22. Nc6 Rxd1+ 23. Rxd1 Bf8 24. Bxf8 Kxf8 25. Rd7 Rc8 26. Na7 Nc5 27. Rd1 Ra8 28. Nb5 Nxb3 29. Nxc7 Rc8 30. Nb5 Nc5 31. Rd4 Ke7 32. Kg2 Rd8 33. Rh4 h5 34. Nd4 Rd6 35. Nf3 Rd3 36. Rc4 Ke6 37. Ng5+ Kd5 38. Rf4 f5 39. Nf3 Ne6 40. c4+ Kd6 41. Rh4 Ra3 42. Ne1 Rxa4 43. c5+ Nxc5 0-1


[Site "https://www.chess.com"]

[Event "Titled Tuesday Blitz June 22 2021"]
[White "Padmini, Rout"]
[Black "Gunina, Valentina"]
[WhiteFideId "5029295"]
[BlackFideId "4167570"]
[WhiteElo "2196"]
[BlackElo "2399"]
[Result "1-0"]
[Round "11"]
[TimeControl "180+1"]
[Date "2021.06.22"]
[WhiteClock "0:00:39"]
[BlackClock "0:00:17"]

1. e4 c6 2. Nc3 d5 3. Nf3 dxe4 4. Nxe4 Nf6 5. Qe2 Nxe4 6. Qxe4 Nd7 7. d4 Nf6 8. Qh4 Bf5 9. c3 e6 10. Be2 Be7 11. O-O Ne4 12. Qf4 Bd6 13. Qe3 Qc7 14. Bd3 Bg4 15. Qxe4 Bxf3 16. Qxf3 Bxh2+ 17. Kh1 Bd6 18. Bg5 f6 19. Bh4 O-O-O 20. a4 h5 21. Rae1 g5 22. Bg3 Bxg3 23. Qxg3 Qf7 24. Bc4 Rhe8 25. Re2 h4 26. Qf3 Kb8 27. Rfe1 Rd6 28. Qe4 Qh5 29. Qf3 Qf7 30. Qg4 h3 31. gxh3 Rdd8 32. Rxe6 Rh8 33. Kg2 f5 34. Qg3+ f4 35. Qg4 Rh4 36. Qe2 g4 37. Qe5+ Ka8 38. Re8 Qd7 39. Rxd8+ Qxd8 40. Qe8 gxh3+ 41. Kh2 Rh8 42. Qxd8+ Rxd8 43. Kxh3 a6 44. Kg4 b5 45. axb5 axb5 46. Be6 c5 47. d5 Kb7 48. Kxf4 Kc7 49. Ke5 Rh8 50. Rg1 Rh5+ 51. Bf5 Rh2 52. Rg7+ Kb6 53. f4 Rxb2 54. d6 Re2+ 55. Be4 Rd2 56. Rb7+ Ka6 57. Rc7 b4 58. Rxc5 b3 59. Rd5 Re2 60. Rd4 b2 61. Rb4 Ka5 62. d7 Rd2 63. Bd5 1-0


[Site "https://www.chess.com"]

[Event "Titled Tuesday Blitz June 22 2021"]
[White "Pajeken, Jakob Leon"]
[Black "Mons, Leon"]
[WhiteFideId "12942839"]
[BlackFideId "4614950"]
[WhiteElo "2024"]
[BlackElo "2492"]
[Result "0-1"]
[Round "11"]
[TimeControl "180+1"]
[Date "2021.06.22"]
[WhiteClock "0:01:35"]
[BlackClock "0:01:38"]

1. d4 Nf6 2. Nf3 b6 3. c4 Bb7 4. g3 g6 5. Bg2 Bg7 6. O-O O-O 7. d5 Ne4 8. Nd4 f5 9. f3 Nd6 10. Na3 c6 11. dxc6 Nxc6 12. Nxc6 dxc6 13. Rb1 c5 14. b3 e5 15. Bb2 Qe7 16. Qc2 Rad8 17. Rbd1 f4 18. Nb1 Nf5 19. Bc1 fxg3 20. e4 gxh2+ 21. Kxh2 Qh4+ 22. Kg1 Nd4 23. Qf2 Qxf2+ 24. Rxf2 Ne2+ 0-1


[Site "https://www.chess.com"]

[Event "Titled Tuesday Blitz June 22 2021"]
[White "Papasimakopoulos, Alexandros"]
[Black "Dixit, Nikhil"]
[WhiteFideId "4244125"]
[BlackFideId "5059534"]
[WhiteElo "2352"]
[BlackElo "2223"]
[Result "1-0"]
[Round "11"]
[TimeControl "180+1"]
[Date "2021.06.22"]
[WhiteClock "0:00:18"]
[BlackClock "0:00:33"]

1. d4 Nf6 2. c4 g6 3. Nc3 Bg7 4. e4 O-O 5. f3 d6 6. Nge2 e5 7. Be3 exd4 8. Nxd4 Nc6 9. Be2 Bd7 10. O-O Nxd4 11. Bxd4 Bc6 12. b4 b6 13. Nd5 Nxd5 14. cxd5 Bd7 15. Bxg7 Kxg7 16. Rc1 a5 17. Qd4+ Kg8 18. b5 Ra7 19. Rc3 Qe8 20. a4 Qe7 21. f4 Re8 22. Re3 f6 23. Bf3 g5 24. fxg5 fxg5 25. Bh5 Qe5 26. Qd2 Re7 27. Rg3 h6 28. Qf2 Ra8 29. h4 g4 30. Bxg4 Bxg4 31. Rxg4+ Kh7 32. Qf5+ Qxf5 33. Rxf5 Rae8 34. Rff4 Rg7 35. Rxg7+ Kxg7 36. Kf2 Kg6 37. g4 Re7 38. Kf3 Kg7 39. Rf5 Kg6 40. Kf4 Kg7 41. e5 dxe5+ 42. Rxe5 Rf7+ 43. Rf5 Re7 44. g5 hxg5+ 45. Rxg5+ Kf6 46. Rh5 Re1 47. Rh6+ Ke7 48. Rc6 Kd7 49. h5 Ra1 50. h6 Rxa4+ 51. Kg5 Ra1 52. h7 Rg1+ 53. Kh6 Rh1+ 54. Kg7 Rxh7+ 55. Kxh7 a4 56. d6 cxd6 57. Rxb6 Kc7 58. Ra6 Kb7 59. Kg6 d5 60. Kf5 d4 61. Ke4 d3 62. Kxd3 1-0


[Site "https://www.chess.com"]